Construct Section Command Post
Selects Australian Defense Battlegroup
Selects Australian Light Infantry Section
Australian Light Infantry Section
Australian Light Infantry Section
Australian Light Infantry Section
Selects 2-pounder Anti-tank Gun Team
2-pounder Anti-tank Gun Team
Construct Platoon Command Post
Selects CMP 15cwt Supply Run
Selects Reinforced Resource Caches
2-pounder Anti-tank Gun Team
Australian Light Infantry Section